Map: [ESL] Moondance

Players

Maru - Winner!

  • Race: Terran Terran
  • Spawn Location: 6:00

Scarlett

  • Race: Zerg Zerg
  • Spawn Location: 12:00

Event: DreamHack SC2 Masters 2022 Valencia

VOD

https://youtu.be/V-HLh3YQxX4

Description

Time

  • Played on: July 1, 2022, 1:21 p.m.
  • Length: 24:39

All games in this series

Show
View Real Time Build Order
Export as new Build Order

Maru Terran - Winner!

Build Orders: Reaper Expand 

Get SALT Encoding   

  12  0:00  SCV  
  13  0:12  SCV  
  14  0:17  Supply Depot  
  14  0:24  SCV  
  15  0:38  SCV  
  15  0:40  Barracks  
  16  0:43  Refinery  
  16  0:50  SCV  
  17  1:03  SCV  
  18  1:15  SCV  
  19  1:27  Orbital Command, Reaper  
  20  1:38  Command Center  
  20  1:48  Supply Depot  
  20  1:53  SCV  
  21  1:59  Marine  
  22  2:03  Factory  
  22  2:08  SCV  
  23  2:16  Marine  
  23  2:20  SCV  
  25  2:32  SCV  
  25  2:35  Barracks Reactor  
  26  2:44  SCV  
  26  2:45  Command Center  
  27  2:51  Orbital Command  
  27  2:59  Starport  
  27  3:02  SCV  
  28  3:07  Hellion  
  28  3:11  Refinery  
  30  3:15  SCV  
  30  3:16  Marine  
  30  3:17  Marine  
  30  3:19  SCV  
  34  3:27  SCV  
  34  3:29  Hellion  
  34  3:32  SCV  
  38  3:36  Supply Depot, Medivac  
  38  3:39  SCV  
  38  3:40  Marine x2  
  43  3:44  SCV  
  44  3:51  Factory Tech Lab, SCV  
  45  3:57  SCV  
  45  3:59  Marine x2  
  45  4:01  Bunker, SCV  
  49  4:03  SCV  
  49  4:09  SCV  
  50  4:10  Viking  
  50  4:13  SCV  
  50  4:15  SCV  
  49  4:17  Marine x2  
  49  4:21  SCV  
  48  4:25  SCV  
  48  4:28  SCV  
  46  4:33  SCV  
  46  4:34  Cyclone  
  46  4:38  SCV  
  51  4:39  Marine  
  51  4:40  Marine  
  51  4:41  SCV  
  51  4:43  Supply Depot  
  52  4:55  SCV, Starport Tech Lab  
  52  4:56  Orbital Command, SCV  
  54  5:08  SCV x2  
  54  5:13  Barracks  
  56  5:15  Factory Reactor  
  56  5:17  Barracks  
  56  5:20  Engineering Bay x2, SCV x2  
  58  5:23  SCV  
  59  5:32  SCV x2  
  61  5:35  SCV  
  61  5:39  Marine  
  61  5:40  Raven, Stimpack  
  64  5:44  SCV x2  
  64  5:45  Supply Depot  
  64  5:46  Refinery  
  64  5:47  Supply Depot  
  64  5:48  SCV  
  67  5:53  Refinery  
  67  5:56  SCV x2  
  67  5:57  Barracks x2  
  69  6:03  Terran Infantry Weapons Level 1  
  69  6:07  SCV, Factory Reactor  
  69  6:08  SCV x2  
  72  6:11  Terran Infantry Armor Level 1  
  72  6:15  Marine x2  
  74  6:19  SCV  
  74  6:20  SCV x2  
  77  6:26  Marine x3, Supply Depot x2  
  77  6:31  SCV  
  77  6:32  SCV  
  82  6:33  SCV, Marine x2  
  82  6:35  Supply Depot  
  82  6:37  Refinery  
  85  6:44  Barracks Reactor  
  85  6:45  Supply Depot, Barracks Reactor  
  85  6:47  SCV x3, Marine  
  85  6:53  Marine x3  
  85  6:54  Marine  
  93  6:59  SCV x3, Supply Depot  
  96  7:01  Armory  
  96  7:03  Medivac  
  96  7:05  Marine  
  96  7:07  Siege Tank  
  102  7:11  Marine x2  
  102  7:12  SCV x2  
  102  7:13  Marine x2  
  108  7:21  Combat Shield, Marine x2  
  108  7:22  Marine x2  
  112  7:23  Marine  
  112  7:29  Marine x2  
  115  7:31  Supply Depot, Marine  
  115  7:34  Command Center  
  115  7:36  Marine  
  115  7:38  Medivac x2  
  115  7:39  Siege Tank, Marine x2  
  124  7:45  Marine  
  124  7:51  Supply Depot  
  125  7:52  Marine x5  
  125  7:54  Supply Depot  
  125  7:57  Marine  
  125  7:58  Marine  
  132  8:01  Marine  
  133  8:12  Medivac, Siege Tank, Marine x3  
  141  8:13  Medivac, Command Center  
  141  8:14  Marine  
  141  8:15  Marine  
  141  8:19  Marine x4  
  149  8:28  Supply Depot  
  149  8:29  Supply Depot  
  149  8:30  Supply Depot  
  149  8:31  Terran Infantry Armor Level 2  
  149  8:34  Terran Infantry Weapons Level 2  
  149  8:38  Terran Vehicle Weapons Level 1  
  149  8:44  Supply Depot  
  149  8:49  Marine  
  149  8:50  Marine  
  149  8:51  Siege Tank, Marine x5  
  149  8:52  Marine x2  
  159  9:02  Factory, Supply Depot  
  159  9:06  Medivac x2  
  159  9:07  Marine  
  159  9:08  Marine  
  159  9:09  Marine x4  
  169  9:13  Marine x3  
  169  9:17  SCV  
  151  9:25  Siege Tank, Marine x2  
  151  9:26  Marine  
  151  9:29  Marine x3  
  160  9:34  Marine x2  
  162  9:40  Marine  
  162  9:43  Marine x2  
  162  9:44  Marine  
  163  9:48  Barracks x2, Factory Tech Lab  
  163  9:49  Barracks  
  163  9:50  SCV x3  
  165  10:02  SCV x2  
  164  10:07  Planetary Fortress  
  164  10:11  Siege Tank, Sensor Tower  
  164  10:12  Siege Tank  
  170  10:17  Sensor Tower  
  170  10:19  Marine x4, Marauder  
  174  10:25  SCV x3  
  176  10:34  Command Center  
  175  10:41  Barracks Tech Lab  
  175  10:42  Barracks Tech Lab x2, SCV  
  170  10:43  Ghost Academy, Siege Tank  
  170  10:44  Refinery x2, Siege Tank  
  175  10:55  Marine x5, Marauder  
  182  11:00  Terran Infantry Weapons Level 3, Terran Infantry Armor Level 3  
  178  11:07  Marine x2, Marauder x2  
  178  11:10  Supply Depot  
  184  11:13  Terran Vehicle Weapons Level 2  
  179  11:28  Ghost x2  
  180  11:40  Ghost x2  
  180  11:56  Ghost x2  
  174  12:08  Ghost  
  174  12:09  Command Center  
  174  12:11  Personal Cloaking, Command Center  
  174  12:12  Command Center  
  176  12:16  Command Center  
  176  12:24  Ghost  
  176  12:29  Sensor Tower  
  170  12:36  Ghost x2  
  174  12:43  Planetary Fortress  
  174  12:50  Ghost  
  176  12:59  Refinery  
  176  13:01  Refinery, Armory  
  176  13:07  Sensor Tower  
  173  13:13  SCV x4  
  177  13:25  SCV  
  178  13:27  Orbital Command x3  
  178  13:28  Orbital Command  
  178  13:32  Terran Vehicle Weapons Level 3  
  178  13:36  Enhanced Shockwaves, Command Center  
  178  13:37  Neosteel Armor  
  178  14:01  Ghost x3  
  178  14:02  Siege Tank x2  
  174  14:07  Marine x4  
  178  14:11  Command Center  
  178  14:20  Missile Turret  
  178  14:24  Terran Vehicle And Ship Armor Level 1, Command Center  
  178  14:39  Missile Turret  
  178  14:41  Missile Turret  
  178  14:50  Concussive Shells  
  178  14:51  Sensor Tower, Planetary Fortress  
  178  14:55  Nuke, Thor x2  
  178  14:58  Factory x2  
  189  15:06  Infernal Pre-Igniter  
  189  15:07  Smart Servos  
  189  15:10  Factory  
  189  15:14  Fusion Core  
  189  15:15  Starport  
  189  15:20  Refinery  
  189  15:21  Refinery  
  189  15:44  Orbital Command  
  189  15:47  Command Center  
  189  16:01  Starport Reactor  
  189  16:03  Rapid Reignition System  
  189  16:04  Factory Tech Lab, Factory Reactor x2  
  189  16:12  Command Center  
  189  16:14  Command Center  
  189  16:16  Missile Turret  
  189  16:18  Missile Turret x2  
  189  16:19  Thor  
  189  16:23  Missile Turret  
  189  16:24  Missile Turret  
  195  16:47  Nuke  
  195  16:50  Thor  
  200  16:59  Advanced Ballistics  
  193  17:20  Thor x2  
  193  17:21  Hellbat x3  
  193  17:22  Hellbat, Liberator x2  
  199  17:24  Terran Vehicle And Ship Armor Level 2  
  199  17:25  Terran Ship Weapons Level 1  
  197  17:46  Missile Turret  
  197  17:47  Hellbat  
  199  18:05  Planetary Fortress  
  199  18:08  Sensor Tower  
  199  18:14  Hellbat  
  199  18:32  Refinery  
  199  18:33  Refinery  
  199  18:35  Command Center  
  199  18:41  Nuke  
  199  18:52  Liberator  
  197  19:32  Hellbat x2  
  197  19:37  Hellbat x2  
  199  19:44  Nuke  
  195  19:57  Planetary Fortress  
  193  20:07  Terran Ship Weapons Level 2, Terran Vehicle And Ship Armor Level 3  
  193  20:12  Thor x2  
  193  20:13  Hellbat  
  199  20:20  Factory x2  
  199  20:21  Factory  
  199  20:27  Planetary Fortress  
  199  20:29  Command Center  
  199  20:33  Nuke  
  196  20:37  Hellbat x2  
  200  20:57  Hellbat x2  
  196  21:09  Hellbat x3  
  198  21:20  Hellbat  
  200  21:26  Command Center  
  200  21:27  Command Center  
  200  21:30  Factory Tech Lab  
  200  21:31  Factory Tech Lab, Factory Reactor  
  193  21:48  Ghost x3  
  190  21:56  Ghost  
  190  21:57  Hellbat x3  
  176  22:02  Thor  
  176  22:03  Thor x3, Hellbat x2  
  177  22:17  Ghost x3, Hellbat x2  
  177  22:18  Hellbat  
  183  22:24  Ghost, Thor  
  183  22:29  Liberator x3  
  194  22:39  Sensor Tower  
  194  22:41  Hellbat x2  
  194  22:42  Orbital Command x2  
  197  22:45  Ghost  
  197  22:52  Ghost  
  197  22:53  Ghost x2  
  197  22:54  Hellbat x3  
  187  22:59  Medivac  
  187  23:00  Thor x2  
  187  23:01  Hellbat x3  
  194  23:12  Thor, Medivac  
  197  23:13  Hellbat  
  197  23:17  Hellbat x3  
  199  23:22  Ghost  
  196  23:29  Thor x2, Hellbat x2  
  190  23:34  Hellbat  
  190  23:37  Ghost x3  
  190  23:39  Hellbat x2  
  179  23:42  Thor  
  179  23:43  Thor  
  179  23:47  Hellbat  
  193  23:51  Hellbat x2  
  193  23:53  Planetary Fortress  
  197  23:57  Refinery x2  
  197  24:00  Refinery  
  197  24:01  Refinery, Command Center  
  197  24:02  Hellbat  
  199  24:05  Orbital Command  
  193  24:32  Factory Tech Lab  
Show
View Real Time Build Order
Export as new Build Order

Scarlett Zerg 

Build Orders: Pool First 

Get SALT Encoding   

  12  0:00  Drone  
  13  0:12  Overlord  
  13  0:17  Drone  
  14  0:31  Drone x2  
  14  0:35  Drone  
  17  0:43  Spawning Pool  
  17  0:48  Drone  
  17  1:06  Hatchery  
  17  1:09  Extractor  
  15  1:12  Drone  
  15  1:14  Drone  
  15  1:18  Drone  
  18  1:30  Queen  
  18  1:31  Zergling x2  
  21  1:38  Drone  
  22  1:50  Overlord  
  22  2:06  Hatchery  
  22  2:07  Drone  
  22  2:13  Queen  
  24  2:19  Drone  
  25  2:33  Roach Warren  
  25  2:34  Drone x2  
  27  2:37  Drone  
  27  2:43  Drone x2  
  29  2:46  Drone  
  30  2:52  Overlord  
  30  2:59  Overlord  
  30  3:13  Roach x2  
  30  3:16  Roach x3  
  30  3:18  Roach  
  42  3:21  Roach  
  42  3:26  Drone x2  
  46  3:29  Drone  
  46  3:32  Drone x2  
  49  3:36  Ravager  
  49  3:39  Drone x2  
  52  3:46  Overlord  
  52  3:47  Drone  
  53  3:50  Queen  
  53  3:54  Overlord  
  55  3:57  Drone  
  55  4:02  Drone x2  
  58  4:11  Drone x6  
  64  4:19  Ravager  
  61  4:25  Drone x3  
  61  4:26  Drone x3  
  63  4:32  Drone  
  63  4:33  Drone  
  63  4:41  Queen  
  63  4:44  Queen  
  67  4:50  Overlord x2  
  67  4:51  Queen  
  72  4:52  Roach  
  72  4:53  Roach x2  
  72  4:57  Extractor  
  72  4:58  Overlord x2  
  71  5:06  Overlord  
  71  5:09  Drone x3  
  71  5:10  Extractor x2  
  71  5:13  Spore Crawler, Drone  
  72  5:15  Drone x6  
  72  5:17  Queen  
  80  5:24  Roach x2  
  80  5:27  Drone x3  
  87  5:34  Drone x3  
  89  5:42  Extractor, Drone x2, Lair  
  90  5:47  Spore Crawler  
  89  5:51  Drone x5, Extractor  
  89  5:52  Evolution Chamber  
  89  5:53  Evolution Chamber, Hatchery  
  90  6:01  Overlord  
  90  6:07  Drone x4  
  90  6:10  Drone  
  90  6:11  Drone x2  
  97  6:14  Overlord  
  97  6:16  Overlord x3  
  97  6:21  Zerg Missile Weapons Level 1, Zerg Ground Armor Level 1  
  97  6:24  Overlord x2  
  97  6:38  Roach x6  
  109  6:41  Glial Reconstitution, Overseer  
  109  6:44  Drone  
  110  6:48  Drone x5  
  110  6:52  Drone x3  
  110  6:53  Drone x3  
  121  7:01  Overlord x2  
  121  7:04  Roach x2  
  125  7:09  Roach x3  
  125  7:11  Metabolic Boost  
  131  7:20  Hatchery  
  131  7:22  Roach x6  
  140  7:26  Drone  
  141  7:31  Roach x5  
  151  7:40  Roach x6  
  163  7:44  Overlord x2  
  163  7:45  Overlord  
  163  7:47  Ravager x4  
  163  7:48  Ravager x4  
  171  7:53  Extractor  
  170  7:58  Baneling Nest  
  170  8:02  Drone  
  170  8:03  Baneling Nest, Drone x2  
  171  8:09  Zergling x2  
  171  8:10  Zergling x20  
  182  8:21  Roach x8  
  182  8:23  Zerg Melee Weapons Level 1  
  182  8:25  Ravager x2  
  200  8:41  Centrifugal Hooks  
  200  8:46  Infestation Pit  
  200  8:55  Zergling x10  
  200  8:56  Zerg Ground Armor Level 2  
  188  9:23  Hive  
  175  9:28  Spire  
  175  9:30  Extractor x2, Drone x3  
  175  9:31  Drone x4  
  178  9:32  Drone x3  
  178  9:34  Zergling x20  
  188  9:46  Spore Crawler  
  188  9:52  Zergling x12  
  187  10:13  Zergling x24  
  194  10:38  Adrenal Glands  
  194  10:39  Zerg Melee Weapons Level 2  
  194  10:40  Greater Spire  
  187  11:06  Spore Crawler, Zergling x22  
  187  11:07  Zergling x6  
  187  11:09  Baneling x20  
  187  11:10  Baneling x18  
  197  11:22  Zerg Ground Armor Level 3  
  187  11:41  Drone x9  
  187  11:42  Drone x6  
  187  11:46  Zergling x4  
  187  11:47  Zergling x2  
  199  11:48  Spore Crawler  
  196  11:59  Zerg Flyer Weapons Level 1  
  194  12:07  Overlord x2  
  188  12:31  Corruptor x6  
  188  12:32  Extractor  
  188  12:37  Hatchery  
  198  12:43  Pneumatized Carapace  
  198  12:48  Pathogen Glands, Burrow  
  198  12:53  Corruptor  
  192  13:18  Brood Lord x4  
  192  13:19  Overlord x2  
  200  13:21  Zerg Melee Weapons Level 3  
  200  13:50  Overlord  
  175  14:03  Infestor x5  
  175  14:06  Zergling x2  
  175  14:07  Zergling x12  
  200  14:11  Brood Lord x3  
  200  14:14  Zerg Flyer Weapons Level 2  
  198  14:18  Corruptor  
  200  14:34  Extractor  
  200  14:35  Extractor  
  200  14:36  Spore Crawler  
  200  14:37  Corruptor  
  196  15:04  Brood Lord, Corruptor x3  
  200  15:14  Overseer x4  
  200  15:15  Overseer  
  200  15:29  Spine Crawler  
  200  15:30  Spore Crawler  
  200  15:32  Spine Crawler  
  200  15:35  Spore Crawler, Spine Crawler  
  195  15:42  Brood Lord x2  
  199  15:45  Neural Parasite  
  199  16:23  Hatchery  
  198  16:37  Zerg Flyer Weapons Level 3  
  198  16:41  Infestor  
  200  16:47  Overseer x5  
  197  17:04  Spine Crawler  
  197  17:05  Spore Crawler  
  191  17:23  Infestor x4  
  196  18:07  Brood Lord  
  198  18:22  Corruptor  
  200  18:54  Brood Lord  
  200  19:14  Zerg Flyer Armor Level 1  
  198  19:24  Infestor  
  185  19:55  Hatchery  
  185  19:57  Extractor x2  
  185  19:58  Corruptor x3  
  181  20:13  Zergling x6  
  168  20:19  Corruptor x6  
  181  20:41  Brood Lord  
  181  20:42  Brood Lord x2, Corruptor  
  187  20:43  Corruptor x2  
  187  20:44  Corruptor x4  
  187  20:45  Extractor, Hatchery  
  187  20:46  Extractor  
  197  20:59  Brood Lord  
  195  21:14  Overlord x2  
  195  21:18  Overlord x3  
  183  21:19  Brood Lord x3  
  183  21:22  Hatchery  
  188  21:31  Zerg Flyer Armor Level 2  
  188  21:35  Brood Lord x4  
  178  21:58  Zergling x20  
  171  22:05  Corruptor x4  
  171  22:06  Corruptor x6  
  185  22:13  Brood Lord x3  
  186  22:17  Zergling x28  
  200  22:28  Baneling x6  
  198  22:31  Zergling x2  
  198  22:32  Zergling x4  
  198  22:35  Hatchery  
  195  22:42  Brood Lord x2  
  199  22:44  Hatchery  
  199  22:49  Brood Lord x3  
  160  23:01  Drone, Zergling x18  
  160  23:02  Corruptor x10, Zergling x22  
  181  23:14  Hatchery  
  180  23:20  Baneling  
  180  23:21  Baneling x6  
  143  23:36  Infestor x9  
  117  23:44  Corruptor x4  
  121  23:54  Zergling x2  
  121  23:55  Zergling x30  
  125  23:57  Brood Lord x3  
  125  23:59  Zergling x12  
  137  24:06  Zergling x4  
  137  24:08  Brood Lord  
  141  24:14  Zergling x12  
  147  24:18  Zergling x10  

Tags
 
Add a new tag
Caveats
  • Supply blocks, unpowered buildings, or Contaminate may cause inaccurate times.
  • Supply counts are checked every 10 seconds.